 Dungeon Crawl Stone Soup version 0.29-a0-997-gf6f7e2dfe7 (webtiles) character file.

Game seed: 16504231114273515311

672 Sweeb the Slasher (level 7, -2/44 HPs)
             Began as a Tengu Gladiator on Aug 5, 2022.
             Killed from afar by Ijyb (13 damage)
             ... with a bolt of dispelling energy
             ... on level 5 of the Dungeon.
             The game lasted 00:05:13 (5025 turns).

Sweeb the Slasher (Tengu Gladiator)                 Turns: 5025, Time: 00:05:14

Health: -2/44      AC:  4    Str: 15    XL:     7   Next: 58%
Magic:  8/8        EV: 17    Int:  8    God:
Gold:   197        SH:  5    Dex: 17    Spells: 6/6 levels left

rFire   . . .      SeeInvis .   a - +0 long sword
rCold   . . .      Faith    .   (no shield)
rNeg    . . .      Spirit   .   b - +0 leather armour
rPois   .          Reflect  +   c - +0 hat
rElec   .          Harm     .   o - +0 cloak
rCorr   .          Rampage  .   (no gloves)
Will    .....                   (boots unavailable)
Stlth   +.........              i - amulet of reflection
HPRegen 0.14/turn               (no ring)
MPRegen 0.11/turn               (no ring)

@: flying quickly and evasively, quick
A: beak, talons 3, nimble flight
a: no special abilities


You were on level 5 of the Dungeon.
You visited 1 branch of the dungeon, and saw 5 of its levels.

You collected 197 gold pieces.

Inventory:

Hand Weapons
 a - a +0 long sword (weapon)
 g - a +0 great sword of chaos
Missiles
 e - 4 javelins (quivered)
Armour
 b - a +0 leather armour (worn)
 c - a +0 hat (worn)
 o - a +0 cloak (worn)
Jewellery
 i - an amulet of reflection (around neck)
 m - a ring of poison resistance
Scrolls
 d - a scroll of noise {unknown}
 k - a scroll of fog {unknown}
 p - a scroll of poison {unknown}
 q - a scroll of immolation {unknown}
 r - a scroll of teleportation
Potions
 f - 2 potions of mutation {unknown}
 h - a potion of might
 j - a potion of haste {unknown}
 l - 2 potions of degeneration {unknown}
 n - a potion of berserk rage {unknown}


   Skills:
 + Level 4.3 Fighting
 * Level 7.1 Long Blades
 - Level 2.0 Throwing
 + Level 5.4 Dodging


You had 6 spell levels left.
You didn't know any spells.
Your spell library contained the following spells:

 Spells                   Type           Power      Damage    Failure   Level
 Beastly Appendage        Tmut           0%         N/A       47%         1
 Wereblood                Tmut           0%         N/A       63%         2
 Spider Form              Tmut/Pois      0%         N/A       85%         3


Dungeon Overview and Level Annotations

Branches:
Dungeon (5/15)
 Temple: D:4-7

Altars:
Kikubaaqudgha
Ru
Lugonu

Shops:
D:1 *

Portals:
Abyss: D:5

Annotations:
D:3 3 runed translucent doors, pigah's ghost, amateur OpAE
D:5 2 runed translucent doors, Ijyb


Innate Abilities, Weirdness & Mutations

You have a beak for a mouth.
You have claws for feet.
Your magical nature lets you fly swiftly and evasively.


Message History

The dart slug launches a dart at you.
The slug dart hits you but does no damage.
The dart slug launches a dart at you. The slug dart misses you.
You closely miss Ijyb. You claw Ijyb, but do no damage.
You peck Ijyb, but do no damage.
Ijyb screams, "Get away!"
Ijyb hits you with a +0 club.
You hit Ijyb.
Ijyb is lightly wounded.
Ijyb screams, "I no like you!" Ijyb hits you but does no damage.
You hit Ijyb. Your peck misses Ijyb.
Ijyb is lightly wounded.
Ijyb zaps a wand.
The bolt of dispelling energy hits you!
You completely miss Ijyb. You claw Ijyb, but do no damage.
You peck Ijyb, but do no damage.
Ijyb is lightly wounded.
Ijyb closely misses you. The dart slug launches a dart at you.
The slug dart hits you but does no damage.
You barely miss Ijyb. You claw Ijyb, but do no damage. Your peck misses Ijyb.
Ijyb is lightly wounded.
Ijyb hits you with a +0 club.
Unknown command.
You slash Ijyb! You claw Ijyb. Your peck misses Ijyb.
Ijyb is severely wounded.
Ijyb hits you with a +0 club.
You closely miss Ijyb. You claw Ijyb, but do no damage.
Ijyb is severely wounded.
You block Ijyb's attack.
Ijyb zaps a wand.
The bolt of dispelling energy hits you!
* * * LOW HITPOINT WARNING * * *
You hit the dart slug. You peck the dart slug.
You kill the dart slug!
Ijyb zaps a wand.
The bolt of dispelling energy misses you.
Ijyb screams, "Level is mine!
All mine!"
Ijyb zaps a wand.
The bolt of dispelling energy hits you!
You die...

#...........# #.....#
#..#.(..##### #.....#
#......## #.....#
.#.....# ####.....#
.....########........#
........#.....##.?>..#
......#...######....(#
.........#### #.#....#
...............#@#...#
....<.####....#..g#...#
###.#### ###.#.....#..#
.......## #.#.~~~.#..#
........## . #~...~# .#
.........## #~._.~# .#
.........# #~...~# #
.........# #.~~~.#
.........#


You could see Ijyb.

Vanquished Creatures
  A black bear (D:4)
  An ogre (D:5)
  A scorpion (D:5)
  A jelly (D:5)
  5 orc priests (D:4)
  A hound (D:4)
  2 orc wizards (D:4)
  5 gnolls
  4 adders
  A white imp (D:5)
  3 worms (D:2)
  2 dart slugs
  10 orcs
  An endoplasm (D:4)
  5 giant cockroaches
  7 goblins
  7 hobgoblins
  2 jackals (D:3)
  7 kobolds
  7 quokkas
  5 ball pythons
  8 bats
  2 frilled lizards
  11 rats
99 creatures vanquished.

Vanquished Creatures (others)
  2 fungi (D:3)
  13 plants
15 creatures vanquished.

Grand Total: 114 creatures vanquished

Notes
Turn   | Place    | Note
-------+----------+-------------------------------------------
     0 | D:1      | Sweeb the Tengu Gladiator began the quest for the Orb.
     0 | D:1      | Reached XP level 1. HP: 12/12 MP: 2/2
     1 | D:1      | Noticed an electric eel
    17 | D:1      | Reached XP level 2. HP: 17/17 MP: 3/3
   238 | D:1      | Found Ruyv's General Store.
   421 | D:1      | Reached skill level 4 in Long Blades
   421 | D:1      | Reached XP level 3. HP: 22/22 MP: 4/4
  1565 | D:2      | Reached XP level 4. HP: 18/27 MP: 5/5
  2330 | D:3      | Found an ancient bone altar of Kikubaaqudgha.
  2476 | D:3      | Found a runed translucent gate.
  2477 | D:3      | Found a runed translucent gate.
  2478 | D:3      | Found a runed translucent gate.
  2478 | D:3      | Noticed pigah's ghost (amateur OpAE)
  2488 | D:3      | Found a faded altar of an unknown god.
  2952 | D:4      | Gained mutation: Your magical nature lets you fly swiftly
                  | and evasively. [Tengu growth]
  2952 | D:4      | Reached XP level 5. HP: 31/32 MP: 6/6
  3013 | D:4      | Reached skill level 5 in Long Blades
  3385 | D:4      | Reached XP level 6. HP: 26/37 MP: 7/7
  3730 | D:4      | Noticed a black bear
  3750 | D:4      | Killed a black bear
  3751 | D:4      | Reached skill level 6 in Long Blades
  3755 | D:4      | Reached skill level 5 in Dodging
  3923 | D:4      | Reached XP level 7. HP: 39/41 MP: 8/8
  4353 | D:5      | Entered Level 5 of the Dungeon
  4365 | D:5      | Found a one-way gate to the infinite horrors of the Abyss.
  4715 | D:5      | Found a large runed translucent door.
  4715 | D:5      | Found a large runed translucent door.
  4715 | D:5      | Found a corrupted altar of Lugonu.
  4728 | D:5      | Reached skill level 7 in Long Blades
  5009 | D:5      | Noticed Ijyb
  5011 | D:5      | Found a sacrificial altar of Ru.
  5025 | D:5      | Killed from afar by Ijyb

Illustrated notes

Levels and vault maps discovered:
D:1:      arrival_aquarium_a, layout_loops_ring, serial_shops, shop
D:2:      minmay_door_path, layout_basic, serial_forest,
          infiniplex_forest_clump_cross, infiniplex_forest_end_1,
          infiniplex_forest_straight_3, infiniplex_forest_lined_room_3,
          infiniplex_forest_3_way, infiniplex_forest_clump_large,
          minmay_misc_feat_square
D:3:      layout_loops_ring, kiku_gazebo_pond_becter,
          shapermc_ecumenical_altar_mp_ritualfount, gammafunk_ghost_split,
          serial_park_tiny_1
D:4:      layout_basic, wad_floor_pattern_2, kennysheep_small_spiral
D:5:      due_chaos_kobolds, layout_rooms, nicolae_ru_awakened_eye,
          marbit_many_paths, minmay_temple_entry_enclosed_plants, uniq_ijyb

Skill      XL: |  1  2  3  4  5  6  7 |
---------------+----------------------+-----
Long Blades    | 4 5 6 7 |  7.1
Dodging        | 4 5 |  5.4
Fighting       | 3 4 |  4.3
Throwing       | |  2.0

Action                   |  1- 3 |  4- 6 |  7- 9 || total
-------------------------+-------+-------+-------++-------
Melee: Long sword        |    69 |   124 |    48 ||   241
       Kick              |    17 |    28 |    18 ||    63
       Peck              |    11 |    17 |    13 ||    41
Throw: Throwing net      |     1 |     1 |     1 ||     3
  Use: Scroll            |       |     4 |       ||     4
       Potion            |       |     5 |       ||     5
 Stab: Held in net/web   |     1 |       |     2 ||     3
       Sleeping          |     4 |     1 |       ||     5
       Distracted        |       |     1 |       ||     1
Armor: Leather armour    |    15 |    26 |     4 ||    45
Dodge: Dodged            |    39 |    99 |    28 ||   166
Block: Other             |       |       |     4 ||     4

Table legend: (Time is in decaauts)
 A = Elapsed time spent in this place.
 B = Non-inter-level travel time spent in this place.
 C = Inter-level travel time spent in this place.
 D = Time resting spent in this place.
 E = Time spent auto-exploring this place.
 F = Levels seen in this place.
 G = Mean time per level.
                   A        B        C        D        E       F      G
               +--------+--------+--------+--------+--------+-----+--------+
         Total |   4967 |   4816 |    151 |   1035 |   3091 |   5 |  993.4 |
       Dungeon |   4967 |   4816 |    151 |   1035 |   3091 |   5 |  993.4 |
               +--------+--------+--------+--------+--------+-----+--------+

Top non-repeatable levels by time:
     D:4: 1404 daAuts
     D:2: 1282 daAuts
     D:3: 816 daAuts
     D:1: 802 daAuts
     D:5: 662 daAuts
